 Dungeon Crawl Stone Soup version 0.17.1-1-g73c8601 (webtiles) character file.

1393 Implojin the Grappler (level 8, -4/74 HPs)
             Began as a Troll Monk on Mar 31, 2016.
             Killed by divine providence
             ... invoked by an orc priest
              (11 damage)
             ... on level 7 of the Dungeon.
             The game lasted 00:05:02 (828 turns).

Implojin the Grappler (Troll Monk)                   Turns: 828, Time: 00:05:02

Health: -4/74      AC:  7    Str: 20    XL:     8   Next: 41%
Magic:  7/7        EV: 10    Int:  6    God:
Gold:   103        SH:  0    Dex: 14    Spells: 0 memorised, 7 levels left

rFire  + . .     SeeInvis .       - Unarmed
rCold  . . .     Clarity  .     j - +2 robe {MR+}
rNeg   . . .     SustAt   .     (no shield)
rPois  .         Gourm    +     (helmet restricted)
rElec  .         Spirit   .     (no cloak)
rCorr  .         Warding  .     (gloves unavailable)
rMut   .         Stasis   .     (boots unavailable)
MR     +....                    (no amulet)
Stlth  ++........               (no ring)
                                k - ring of protection from fire

@: somewhat resistant to hostile enchantments, unstealthy
A: unfitting armour, claws 3, fast metabolism 3, gourmand, regeneration 2,
shaggy fur 1, tough skin 2
a: no special abilities


You were on level 7 of the Dungeon.
You were very full.

You visited 1 branch of the dungeon, and saw 7 of its levels.

You collected 103 gold pieces.

Inventory:

Missiles
 c - 10 tomahawks (quivered)
Armour
 a - a +0 robe
 j - a +2 robe of magic resistance (worn)
Jewellery
 k - a ring of protection from fire (left claw)
Scrolls
 e - a scroll of fear {unknown}
 g - a scroll of teleportation {unknown}
 h - a scroll of identify {unknown}
 i - a scroll of fog {unknown}
 l - a scroll of amnesia {unknown}
 m - a scroll of blinking {unknown}
 o - a scroll of noise {unknown}
Potions
 d - a potion of mutation {unknown}
Comestibles
 b - 2 bread rations
 f - a meat ration
 n - 4 chunks of flesh


   Skills:
 - Level 2.4 Fighting
 - Level 2.4 Dodging
 - Level 1.1 Stealth
 * Level 11.0 Unarmed Combat


You had 7 spell levels left.
You didn't know any spells.

Dungeon Overview and Level Annotations

Branches:
Dungeon (7/15)
 Temple: D:4-7

Altars:
Elyvilon
Fedhas
Makhleb
Ru

Shops:
D:7 *?[


Innate Abilities, Weirdness & Mutations

You are too large for most types of armour.
You have claws for hands.
Your metabolism is lightning-fast.
You like to eat raw meat.
You heal very quickly.
You are covered in fur (AC +1).
You have very tough skin (AC +2).


Message History

You scratch the ogre.
The ogre is moderately wounded.
You mangle the ogre!!
You kill the ogre!
Your Unarmed Combat skill increases to level 11!
Something hits you but does no damage.
You scratch something.
The orc warrior hits you from afar with a halberd!!
* * * LOW HITPOINT WARNING * * *
You hear some strange, mumbled words.
A puff of frost appears from out of thin air!
The puff of frost misses you. The orc wizard barely misses you.
The orc priest shouts!
The orc wizard hits you but does no damage.
The orc priest barely misses you.
The orc wizard hits you but does no damage.
Unknown command.
You claw the orc priest!
The orc priest is severely wounded.
The orc warrior hits you from afar with a halberd!
* * * LOW HITPOINT WARNING * * *
You closely miss the orc priest.
The orc priest is severely wounded.
The orc wizard closely misses you. The orc priest completely misses you.
The orc warrior hits you from afar with a halberd!
* * * LOW HITPOINT WARNING * * *
The orc wizard casts a spell.
The orc wizard blinks!
The orc priest hits you but does no damage.
Unknown command.
Read which item? (? for menu, Esc to quit)
Okay, then.
Drink which item? (? for menu, Esc to quit)
Okay, then.
The orc wizard casts a spell.
The orc wizard seems to speed up.
The orc priest mumbles some strange prayers to Beogh against you.
Something smites you!
You die...

### ..# ...... ...#..
.8..... #.#.#
###.......
#...###.8.∩.8..#
#.)...##.#[#.##
#.##.§o.8.....
#.####l......#
######.##.o....∩#...#
...........@.....##..##
..####.###.......##...#
#. #..#....###.#.## !.
#.##..>o###.#..# .)...<
####.##.....## .>....
#...#...a...####
......#
#.#.o........... ##...
#.#..........### #.#
#.###.o....####.


You could see an orc warrior, an iguana, an orc priest and 2 orc wizards.

Vanquished Creatures
  Sigmund (D:3)
  A hippogriff (D:7)
  2 ice beasts
  5 ogres
  A sky beast (D:7)
  A centaur (D:6)
  2 hounds
  A giant frog zombie (D:7)
  An iguana (D:7)
  A giant frog skeleton (D:5)
  2 worker ants
  A killer bee zombie (D:5)
  A worker ant zombie (D:5)
  Robin (D:2)
  4 adders
  A giant gecko (D:7)
  4 orcs
  5 hobgoblins (D:2)
  A quokka (D:6)
  A bat (D:3)
  A giant newt (D:2)
  9 goblins
  A kobold (D:2)
48 creatures vanquished.

Notes
Turn   | Place    | Note
--------------------------------------------------------------
     0 | D:1      | Implojin the Troll Monk began the quest for the Orb.
     0 | D:1      | Reached XP level 1. HP: 22/22 MP: 0/0
   149 | D:2      | Noticed Robin
   153 | D:2      | Reached XP level 2. HP: 25/29 MP: 1/1
   177 | D:2      | Killed Robin
   177 | D:2      | Reached skill level 5 in Unarmed Combat
   177 | D:2      | Reached XP level 3. HP: 26/36 MP: 2/2
   258 | D:3      | Noticed Sigmund
   273 | D:3      | Killed Sigmund
   273 | D:3      | Reached skill level 6 in Unarmed Combat
   273 | D:3      | Reached XP level 4. HP: 33/44 MP: 3/3
   273 | D:3      | Reached XP level 5. HP: 37/50 MP: 4/4
   325 | D:3      | Noticed an ogre
   332 | D:3      | Killed an ogre
   332 | D:3      | Reached skill level 7 in Unarmed Combat
   332 | D:3      | Reached XP level 6. HP: 49/59 MP: 5/5
   355 | D:3      | Found a burning altar of Makhleb.
   355 | D:3      | Found a blossoming altar of Fedhas.
   356 | D:3      | Found a white marble altar of Elyvilon.
   375 | D:3      | Found a sacrificial altar of Ru.
   408 | D:5      | Entered Level 5 of the Dungeon
   411 | D:5      | Reached skill level 8 in Unarmed Combat
   485 | D:5      | Reached XP level 7. HP: 51/66 MP: 6/6
   566 | D:6      | Reached skill level 9 in Unarmed Combat
   588 | D:7      | Found Vanemnovua's Antique Armour Shop.
   604 | D:7      | Reached skill level 10 in Unarmed Combat
   640 | D:7      | Reached XP level 8. HP: 62/74 MP: 7/7
   798 | D:7      | Found Utti's Magic Scroll Shoppe.
   802 | D:7      | Found Xasanoklis's Assorted Antiques.
   817 | D:7      | Reached skill level 11 in Unarmed Combat
   828 | D:7      | Killed from afar by an orc priest

Action                   |  1- 3 |  4- 6 |  7- 9 || total
-------------------------+-------+-------+-------++-------
Melee: Unarmed           |    51 |    28 |    67 ||   146
 Stab: Sleeping          |       |     1 |       ||     1
  Eat: Chunk             |     7 |       |     5 ||    12

Table legend:
 A = Turns spent in this place as a percentage of turns spent in the entire game.
 B = Non-inter-level travel turns spent in this place as a percentage of non-inter-level travel turns spent in the entire game.
 C = Inter-level travel turns spent in this place as a percentage of turns spent in this place.
 D = Turns resting spent in this place as a percentage of non-inter-level travel turns spent in this place.
 E = Turns spent auto-exploring this place as a percentage of non-inter-level travel turns spent in this place.
 F = Non-inter-level travel turns spent in this place divided by the number of levels of this place that you've seen.
                   A       B       C       D       E      F
               +-------+-------+-------+-------+-------+----------------------
         Total | 100.0 | 100.0 |   0.0 |   0.0 |   0.0 | 111.7
       Dungeon | 100.0 | 100.0 |   0.0 |   0.0 |   0.0 | 111.7
               +-------+-------+-------+-------+-------+----------------------

Table legend:
 A = Kills in this place as a percentage of kills in entire the game.
 B = Kills by you in this place as a percentage of kills by you in the entire game.
 C = Kills by friends in this place as a percentage of kills by friends in the entire game.
 D = Other kills in this place as a percentage of other kills in the entire game.
 E = Experience gained in this place as a percentage of experience gained in the entire game.
 F = Experience gained in this place divided by the number of levels of this place that you have seen.
                   A       B       C       D       E      F
               +-------+-------+-------+-------+-------+----------------------
         Total | 100.0 | 100.0 |  -nan |  -nan | 100.0 | 284.4
       Dungeon | 100.0 | 100.0 |  -nan |  -nan | 100.0 | 284.4
               +-------+-------+-------+-------+-------+----------------------
